AoeStats
← V

Arena

510303306Analyzed
2v2 RM · 6h ago on Sep 30, 2026· 39m 43s· 4 players
Game mode
Random Map
Map size
Medium (4 player)
Population
200
Speed
Normal
Resources
Standard
Victory
Conquest
Starting age
Dark Age
Ending age
Imperial Age
RankedLock teamsTeams togetherTeam positionsShared explorationLock speedFull tech treeHidden civsTurbo modeCheats
Victory
Defeat
🇨🇳 Spanish · China
949
+17
🇨🇳 Saxons · China
941
+17
🇫🇷 Malay · France
973
-18
🇹🇷 Turks · Türkiye
948
-16
XDDCC
11:29 Feudal Age
16:48 Castle Age
16:47 Horse Collar
16:54 Double-Bit Axe
21:03 Heavy Plow
24:05 Padded Archer Armor
23:58 Fletching
24:26 Pikeman
25:59 Bow Saw
25:17 Elite Skirmisher
25:58 Bodkin Arrow
26:19 Leather Archer Armor
26:42 Thumb Ring
26:59 Squires
29:51 Murder Holes
30:19 Ballistics
29:41 Treadmill Crane
32:03 Forging
32:13 Scale Mail Armor
34:01 Masonry
V
11:11 Feudal Age
15:12 Castle Age
13:42 Horse Collar
14:07 Double-Bit Axe
15:41 Loom
34:03 Imperial Age
38:10 Wheelbarrow
37:20 Town Watch
37:40 Padded Archer Armor
37:35 Fletching
38:16 Conscription
BillyBat
9:56 Feudal Age
10:27 Wheelbarrow
15:33 Castle Age
15:51 Stone Mining
16:24 Horse Collar
19:43 Heavy Plow
20:27 Murder Holes
33:01 Hand Cart
37:23 Imperial Age
enverlife
9:29 Feudal Age
10:09 Horse Collar
17:44 Castle Age
16:26 Double-Bit Axe
18:35 Heavy Plow
33:10 Imperial Age
34:00 Bloodlines
37:36 Fletching
37:52 Scale Barding Armor
Connection lost

Rejoining the realm…

Still unreachable

The connection could not be restored.

Session expired

The server has moved on; the page needs a fresh start.